 Dungeon Crawl Stone Soup version 0.29-a0-542-g075992c915 (webtiles) character file.

Game seed: 5550658715565136426

183 happo123 the Sneak (level 5, -4/29 HPs)
             Began as a Kobold Enchanter on June 4, 2022.
             Slain by Grinder (9 damage)
             ... while paralysed by Grinder
             ... on level 5 of the Dungeon on June 5, 2022.
             The game lasted 00:14:08 (4334 turns).

happo123 the Sneak (Kobold Enchanter)               Turns: 4334, Time: 00:14:08

Health: -4/29      AC:  5    Str:  5    XL:     5   Next: 94%
Magic:  15/18      EV:  3    Int: 18    God:
Gold:   300        SH:  0    Dex: 16    Spells: 2/10 levels left

rFire   . . .      SeeInvis .   a - +1 dagger
rCold   . . .      Faith    .   (no shield)
rNeg    . . .      Spirit   .   b - +0 robe
rPois   .          Reflect  .   (no helmet)
rElec   .          Harm     .   g - +2 cloak
rCorr   .          Rampage  .   (no gloves)
Will    .....                   (no boots)
Stlth   ++++......              (no amulet)
HPRegen 0.09/turn               n - ring of magical power
MPRegen 0.16/turn               (no ring)

@: paralysed, confusing by touch
A: small, no large weapons, nightstalker 3
a: no special abilities


You were on level 5 of the Dungeon.
You visited 1 branch of the dungeon, and saw 5 of its levels.

You collected 300 gold pieces.

Inventory:

Hand Weapons
 a - a +1 dagger (weapon)
Armour
 b - a +0 robe (worn)
 g - a +2 cloak (worn)
Magical Staves
 f - a staff of cold
Jewellery
 n - a ring of magical power (left hand)
Scrolls
 d - a scroll of teleportation {unknown}
 e - 4 scrolls of identify {unknown}
 j - a scroll of summoning {unknown}
 k - a scroll of vulnerability {unknown}
 m - 2 scrolls of blinking {unknown}
 q - a scroll of noise {unknown}
 r - a scroll of fear {unknown}
Potions
 c - 2 potions of invisibility
 h - a potion of magic {unknown}
 i - a potion of curing {unknown}
 l - a potion of flight {unknown}
 o - a potion of lignification {unknown}
 p - a potion of mutation {unknown}
 s - a potion of haste {unknown}


   Skills:
 + Level 1.6 Fighting
 + Level 2.6 Short Blades
 + Level 3.3 Dodging
 + Level 4.9 Stealth
 + Level 3.0 Spellcasting
 * Level 4.1 Hexes
 * Level 0.4 Ice Magic


You had 2 spell levels left.
You knew the following spells:

 Your Spells              Type           Power      Damage    Failure   Level
a - Ensorcelled Hibernat  Hex/Ice        22%        N/A       10%         2
b - Confusing Touch       Hex            17%        N/A       9%          3
c - Tukima's Dance        Hex            17%        N/A       9%          3

Your spell library contained the following spells:

 Spells                   Type           Power      Damage    Failure   Level
 Freeze                   Ice            16%        1d4       14%         1
 Dazzling Flash           Conj/Hex       20%        N/A       21%         3
 Frozen Ramparts          Ice            8%         1d2       38%         3
 Hailstorm                Conj/Ice       3%         3d3       83%         4


Dungeon Overview and Level Annotations

Branches:
Dungeon (5/15)
 Temple: D:4-7

Altars:
Xom

Shops:
D:2 (

Annotations:
D:5 Grinder


Innate Abilities, Weirdness & Mutations

You are small and have problems with some larger weapons.
You are completely attuned to the shadows.


Message History

Level annotation: Grinder The hound bites you.
The hound misses you.
There is a stone staircase leading up here.
The hound closely misses you. The hound barely misses you.
You climb upwards.
There is a stone staircase leading down here.
Aiming: Ensorcelled Hibernation (safe; 11% risk of failure)
Press: ? - help, Q - select action Shift-Dir - straight line, f - hound
Aim: a hound (chance to affect: 52%)
The hound looks drowsy...
The helpless hound fails to defend itself.
You impale the hound!!
You kill the hound!
Your Spellcasting skill increases to level 3!
You start resting.
HP restored.
You climb downwards.
Level annotation: Grinder An adder comes into view.
There is a stone staircase leading up here.
Casting: Ensorcelled Hibernation (safe; 10% risk of failure)
Confirm with . or Enter, or press ? or * to list all spells.
The spell is quite dangerous to miscast (9% risk of failure)!
Continue anyway?
Your hands begin to glow red.
The adder hisses angrily.
The hound barks!
You hit Grinder but do no damage.
Grinder says, "Mostly I couldn't keep them alive."
Grinder hits you.
You writhe in agony.
You barely miss Grinder. Grinder gestures at you.
You suddenly lose the ability to move!
A gnoll comes into view. It is wielding a +0 club.
Grinder hits you but does no damage. The hound bites you but does no damage.
Grinder hits you!
You writhe in agony.
The hound bites you.
* * * LOW HITPOINT WARNING * * *
The hound bites you.
* * * LOW HITPOINT WARNING * * *
Grinder hits you!
You die...

## ####...
##..5.#
#.......
#######.†#....
.........##.##
........g...#
#######5....
#.@h.###
#.#.## #.#.#
#.#.. ...###


You could see Grinder, a hound and a gnoll.

Vanquished Creatures
  A hound (D:4)
  An iguana (D:4)
  4 adders
  An ufetubus (D:4)
  A worm (D:2)
  3 dart slugs
  7 bats
  6 endoplasms
  2 giant cockroaches
  9 goblins
  5 hobgoblins
  9 jackals
  3 quokkas
  5 ball pythons
  5 frilled lizards
  4 kobolds
  8 rats
  A spectral hobgoblin (D:3)
75 creatures vanquished.

Notes
Turn   | Place    | Note
-------+----------+-------------------------------------------
     0 | D:1      | happo123 the Kobold Enchanter began the quest for the Orb.
     0 | D:1      | Reached XP level 1. HP: 10/10 MP: 3/3
   163 | D:1      | Reached XP level 2. HP: 15/15 MP: 5/5
   166 | D:1      | Learned a level 2 spell: Ensorcelled Hibernation
   482 | D:1      | Reached XP level 3. HP: 20/20 MP: 6/6
   486 | D:1      | Learned a level 3 spell: Confusing Touch
  1536 | D:2      | Found Duzitu's Antique Weapon Emporium.
  1560 | D:2      | Reached XP level 4. HP: 16/24 MP: 7/7
  1564 | D:2      | Learned a level 3 spell: Tukima's Dance
  2330 | D:2      | Reached skill level 1 in Fighting
  2577 | D:3      | Found a shimmering altar of Xom.
  2744 | D:3      | Found a faded altar of an unknown god.
  3506 | D:4      | Reached XP level 5. HP: 29/29 MP: 9/9
  4108 | D:5      | Entered Level 5 of the Dungeon
  4116 | D:5      | Noticed Grinder
  4331 | D:5      | Paralysed by Grinder for 3 turns
  4334 | D:5      | Slain by Grinder

Illustrated notes

Levels and vault maps discovered:
D:1:      dpeg_arrival_long_road, layout_basic, minmay_heptomino_l4
D:2:      layout_basic, serial_shops, nicolae_shop_waterfront
D:3:      layout_basic, mainiacjoe_overflow_catwalk,
          dreamdust_ecumenical_altar_drowned_temple,
          nicolae_figureground_sparkle
D:4:      layout_rooms
D:5:      layout_loops_ring, kennysheep_slug_shrine, dreamdust_princess_bridge,
          nicolae_figureground_pulse, uniq_grinder, uniq_menkaure

Skill      XL: |  1  2  3  4  5 |
---------------+----------------+-----
Short Blades   | 2 |  2.6
Fighting       | 1 |  1.6
Dodging        | 3 |  3.3
Hexes          | 4 |  4.1
Spellcasting   | 3 |  3.0
Stealth        | |  4.9
Ice Magic      | |  0.4

Action                   |  1- 3 |  4- 6 || total
-------------------------+-------+-------++-------
Melee: Dagger            |    82 |    94 ||   176
       Punch             |     1 |     1 ||     2
 Cast: Ensorcelled Hiber |    13 |    28 ||    41
       Confusing Touch   |       |     3 ||     3
 Stab: Sleeping          |    26 |    29 ||    55
Armor: Robe              |    17 |    24 ||    41
Dodge: Dodged            |    52 |    92 ||   144

Table legend: (Time is in decaauts)
 A = Elapsed time spent in this place.
 B = Non-inter-level travel time spent in this place.
 C = Inter-level travel time spent in this place.
 D = Time resting spent in this place.
 E = Time spent auto-exploring this place.
 F = Levels seen in this place.
 G = Mean time per level.
                   A        B        C        D        E       F      G
               +--------+--------+--------+--------+--------+-----+--------+
         Total |   4330 |   3926 |    404 |    188 |   3099 |   5 |  866.0 |
       Dungeon |   4330 |   3926 |    404 |    188 |   3099 |   5 |  866.0 |
               +--------+--------+--------+--------+--------+-----+--------+

Top non-repeatable levels by time:
     D:1: 1294 daAuts
     D:2: 1257 daAuts
     D:3: 893 daAuts
     D:4: 852 daAuts
     D:5: 32 daAuts
